 Dungeon Crawl Stone Soup version 0.31-a0-182-gc5ef74bbde (webtiles) character file.

Game seed: 6521813086446804866

763 Anon1729 the Ducker (level 8, -1/62 (69) HPs)
             Began as a Meteoran Monk on June 21, 2023.
             Was a Believer of Qazlal.
             Slain by a wight
             ... wielding a +3 falchion of freezing
              (10 damage)
             ... on level 6 of the Dungeon.
             The game lasted 00:07:52 (1103 turns).

Anon1729 the Ducker (Meteoran Monk)                 Turns: 1103, Time: 00:07:53

HP:   -1/62 (69)    AC:  4    Str: 25 (28) XL:     8   Next: 29%
MP:   3/3           EV: 14    Int: 10 (11) God:    Qazlal [**....]
Gold: 142           SH:  2    Dex: 11 (14) Spells: 7/7 levels left

rFire   . . .        k - +2 hand axe (antimagic)
rCold   . . .        d - orb {light}
rNeg    . . .        b - +1 robe
rPois   .            (no helmet)
rElec   .            (no cloak)
rCorr   .            (no gloves)
SInv    .            (no boots)
Will    +....        (no amulet)
Stlth   +            f - +6 ring of strength
HPRegen 0.30/turn    (no ring)
MPRegen 0.08/turn

%: no passive effects
@: glowing, heavily drained
A: sense surroundings 1, otherworldly, glowing, explore regen, shaggy fur 1,
strong 2
a: Renounce Religion, Upheaval


You were on level 6 of the Dungeon.
You worshipped Qazlal.
Qazlal was pleased with you.
You visited 2 branches of the dungeon, and saw 7 of its levels.

You collected 142 gold pieces.

Inventory:

Hand Weapons
 k - a +2 antimagic hand axe (weapon)
Missiles
 j - 7 poisoned darts (quivered)
 l - 3 javelins
Armour
 b - a +1 robe (worn)
 d - an orb of light (worn)
Jewellery
 f - a +6 ring of strength (left hand)
Wands
 c - a wand of polymorph (3)
Scrolls
 e - a scroll of fear {unknown}
 g - a scroll of enchant weapon {unknown}
 h - a scroll of revelation {unknown}
Potions
 i - a potion of mutation
 m - a potion of ambrosia
 o - a potion of resistance


   Skills:
 + Level 5.4 Fighting
 + Level 6.0 Axes
 + Level 4.3 Armour
 + Level 6.0 Dodging
 * Level 3.2 Invocations


You had 7 spell levels left.
You didn't know any spells.
Your spell library contained the following spells:

 Spells                   Type           Power      Damage    Failure   Level
 Foxfire                  Conj/Fire      0%         2x1d4     36%         1
 Volatile Blastmotes      Fire/Tloc      0%         2d10      75%         3
 Fulminant Prism          Conj/Hex       0%         3d5       98%         4
 Iskenderun's Mystic Bla  Conj/Tloc      0%         2d3       98%         4
 Manifold Assault         Tloc           0%         N/A       98%         4
 Fireball                 Conj/Fire      0%         3d3       100%        5
 Lee's Rapid Deconstruct  Erth           0%         3d4*      100%        5
 Dispersal                Tloc           0%         N/A       100%        6
 Plasma Beam              Fire/Air       0%         2x1d10    100%        6
 Starburst                Conj/Fire      0%         6d3       100%        6
 Disjunction              Tloc           0%         N/A       100%        8


Dungeon Overview and Level Annotations

Branches:
Dungeon (6/15) Zot: 2643   Temple (1/1) D:4 Zot: 457

Altars:
Ashenzari
Dithmenos
Elyvilon
Gozag
Hepliaklqana
Kikubaaqudgha
Makhleb
Okawaru
Qazlal
Sif Muna
Trog
Wu Jian
Xom
Zin
The Shining One

Annotations:
D:3 1 runed translucent door, Crazy Yiuf


Innate Abilities, Weirdness & Mutations

You passively map a small area around you.
You are easily found by Zot.
You glow in the dark.
You regain HP and MP as you explore.
You are covered in fur. (AC +1)
Your muscles are very strong. (Str +8, Int/Dex -2)


Message History

A wight comes into view. It is wielding a +2 dire flail.
The wight hits you with a +0 war axe!
You feel drained.
The wight is engulfed in freezing vapours.
The wight closely misses you.
Things that are here:
a +0 hand axe; a +0 robe You hit the wight.
The wight is moderately damaged.
You hit the wight. You block the wight's attack.
The wight is engulfed in freezing vapours.
The wight hits you with a +3 falchion of freezing!
You feel drained. The wight freezes you.
You barely miss the wight.
The wight is moderately damaged.
You hit the wight but do no damage. You hit the wight.
The wight hits you with a +0 war axe!
You feel drained.
The wight hits you with a +3 falchion of freezing.
You feel drained. The wight freezes you. The wight misses you.
An ice beast comes into view.
You are too injured to fight recklessly!
You hit the wight but do no damage.
The wight is moderately damaged.
You hit the wight. You hit the wight but do no damage.
The wight closely misses you.
The wight is engulfed in freezing vapours.
The wight hits you with a +3 falchion of freezing!
The wight freezes you.
* * * LOW HITPOINT WARNING * * *
The wight hits you with a +1 dire flail!
* * * LOW HITPOINT WARNING * * *
The wight attacks as you move away! The wight closely misses you.
It was a potion of cancellation.
You feel magically purged. The wight closely misses you.
It was a potion of degeneration.
There was something very wrong with that liquid.
You feel weakened.
You feel dopey.
You feel clumsy.
Okay, then.
The wight attacks as you move away!
The wight hits you with a +3 falchion of freezing!
You die...

, .. * ,* ...
* ### , ...
..# , ###.##
#.# ,
#.....##.# *
.......#.### ,
......z#...# ,
..._...zz..# ,
*
.......#@..##
,
.......#...>#
, ,, *
#.....##....#
*
###.##*#....#
, .Y. ,......#
* * , ...
.(.....# *
..,.........#*
* ########..
.# ,,


You could see 3 wights.

Vanquished Creatures
  Sigmund (D:3)
  Menkaure (D:4)
  A black bear (D:5)
  A wight (D:6)
  A howler monkey (Temple)
  2 orc priests
  2 iguanas (D:5)
  Ijyb (D:5)
  An orc wizard (D:5)
  4 gnolls
  3 adders
  A white imp (D:5)
  A worm (D:3)
  5 orcs
  4 endoplasms
  A giant cockroach (D:4)
  4 goblins
  5 hobgoblins
  A quokka (D:4)
  6 ball pythons
  3 bats
  2 frilled lizards
  8 kobolds
  4 rats
63 creatures vanquished.

Notes
Turn   | Place    | Note
-------+----------+-------------------------------------------
     0 | D:1      | Anon1729 the Meteoran Monk began the quest for the Orb.
     0 | D:1      | Reached XP level 1. HP: 19/19 MP: 2/2
    26 | D:1      | Reached XP level 2. HP: 14/26 MP: 3/3
   191 | D:1      | Reached skill level 1 in Armour
   191 | D:1      | Reached XP level 3. HP: 14/31 MP: 4/4
   306 | D:3      | Noticed Sigmund
   335 | D:3      | Gained mutation: Your muscles are strong. (Str +4, Int/Dex
                  | -1) [potion of mutation]
   335 | D:3      | Gained mutation: Your muscles are very strong. (Str +8,
                  | Int/Dex -2) [potion of mutation]
   335 | D:3      | Gained mutation: You are covered in fur. (AC +1) [potion of
                  | mutation]
   354 | D:3      | Killed Sigmund
   355 | D:3      | Reached XP level 4. HP: 7/41 MP: 5/5
   355 | D:3      | Reached XP level 5. HP: 8/47 MP: 6/6
   355 | D:3      | Reached XP level 6. HP: 9/53 MP: 7/7
   365 | D:3      | Found a runed translucent door.
   366 | D:3      | Noticed Crazy Yiuf
   402 | D:3      | Found a bloodstained altar of Trog.
   433 | D:3      | Reached skill level 5 in Dodging
   518 | D:4      | Reached skill level 5 in Axes
   563 | D:4      | Found a staircase to the Ecumenical Temple.
   563 | D:4      | Noticed Menkaure
   576 | D:4      | Killed Menkaure
   577 | D:4      | Reached skill level 5 in Fighting
   577 | D:4      | Reached XP level 7. HP: 20/61 MP: 2/8
   588 | Temple   | Entered the Ecumenical Temple
   697 | Temple   | Became a worshipper of Qazlal Stormbringer
   697 | Temple   | Reached * piety under Qazlal
   697 | Temple   | Reached ** piety under Qazlal
   787 | D:5      | Entered Level 5 of the Dungeon
   858 | D:5      | Noticed Ijyb
   913 | D:5      | Killed Ijyb
   914 | D:5      | Reached skill level 1 in Invocations
   976 | D:5      | Reached XP level 8. HP: 40/68 MP: 3/10
  1036 | D:5      | Found a shimmering altar of Xom.
  1092 | D:6      | Found a glowing silver altar of Zin.
  1103 | D:6      | Slain by a wight

Illustrated notes

Levels and vault maps discovered:
D:1:      ncdulo_watergridlock, layout_rooms, minmay_misc_feat_chi
D:2:      layout_basic, basic_altar, uniq_robin, uniq_natasha
D:3:      minmay_razor_zed, layout_basic, trog_antimagical, uniq_jessica,
          uniq_crazy_yiuf_cottage, uniq_sigmund, uniq_terence
D:4:      layout_loops_ring, kennysheep_little_box, nicolae_ru_path_of_blood,
          minmay_temple_entry_ruins, uniq_menkaure, uniq_grinder
D:5:      layout_rooms, xom_teletrap_fun, serial_curves, eino_curves_02,
          eino_curves_01, eino_curves_01, eino_curves_01, uniq_ijyb
D:6:      layout_basic, old_standard_altar, uniq_edmund
Temple:   nicolae_temple_godzebo

Skill      XL: |  1  2  3  4  5  6  7  8 |
---------------+-------------------------+-----
Armour         | 1 2 3 4 |  4.3
Dodging        | 4 5 6 |  6.0
Axes           | 4 5 6 |  6.0
Fighting       | 4 5 |  5.4
Invocations    | 2 3 |  3.2

Action                     |  1- 3 |  4- 6 |  7- 9 || total
---------------------------+-------+-------+-------++-------
  Melee: Hand axe          |    83 |    46 |    53 ||   182
         Unarmed           |       |       |    10 ||    10
  Throw: Dart              |       |     3 |       ||     3
 Invoke: Upheaval          |       |       |     1 ||     1
    Use: Potion            |     3 |       |     2 ||     5
         Scroll            |       |       |     1 ||     1
   Stab: Confused          |       |       |     1 ||     1
 Armour: Robe              |    14 |    12 |    15 ||    41
         Skin              |       |       |     7 ||     7
  Dodge: Dodged            |    50 |    19 |    55 ||   124
  Block: Orb               |       |       |     4 ||     4
         Other             |       |       |     2 ||     2

Table legend: (Time is in decaauts)
 A = Elapsed time spent in this place.
 B = Non-inter-level travel time spent in this place.
 C = Inter-level travel time spent in this place.
 D = Time resting spent in this place.
 E = Time spent auto-exploring this place.
 F = Levels seen in this place.
 G = Mean time per level.
                   A        B        C        D        E       F      G
               +--------+--------+--------+--------+--------+-----+--------+
         Total |   1098 |   1015 |     83 |      0 |    131 |   7 |  156.9 |
       Dungeon |    956 |    905 |     51 |      0 |     65 |   6 |  159.3 |
        Temple |    142 |    110 |     32 |      0 |     66 |   1 |  142.0 |
               +--------+--------+--------+--------+--------+-----+--------+

Top non-repeatable levels by time:
     D:5: 289 daAuts
     D:3: 252 daAuts
     D:1: 244 daAuts
  Temple: 142 daAuts
     D:4: 142 daAuts
     D:2: 15 daAuts
     D:6: 11 daAuts
